 Dungeon Crawl Stone Soup version 0.28-a0-1033-g1a2f33fa85 (webtiles) character file.

Game seed: 16302799582350864285

112 bande the Covered (level 4, -2/29 HPs)
             Began as a Gargoyle Fighter on Dec 8, 2021.
             Killed by nerve-wracking pain
             ... invoked by a shadow imp
             ... summoned by Natasha
              (7 damage)
             ... on level 2 of the Dungeon.
             The game lasted 00:02:46 (2219 turns).

bande the Covered (Gargoyle Fighter)                Turns: 2219, Time: 00:02:47

Health: -2/29      AC: 10    Str: 20    XL:     4   Next: 93%
Magic:  4/4        EV:  9    Int:  8    God:
Gold:   69         SH:  4    Dex: 11    Spells: 3/3 levels left

rFire   . . .      SeeInvis .   a - +0 war axe
rCold   . . .      Faith    .   c - +0 buckler
rNeg    + . .      Spirit   .   b - +0 scale mail
rPois   ∞          Reflect  .   (no helmet)
rElec   +          Harm     .   (no cloak)
rCorr   .          Rampage  .   (no gloves)
Will    .....                   (no boots)
Stlth   ..........              (no amulet)
HPRegen 0.09/turn               (no ring)
MPRegen 0.09/turn               (no ring)

@: mighty, attractive, slowed, very slow
A: sickness immunity, AC +3, negative energy resistance 1, electricity
resistance, torment resistance 1, petrification resistance
a: no special abilities


You were on level 2 of the Dungeon.
You visited 1 branch of the dungeon, and saw 2 of its levels.

You collected 69 gold pieces.

Inventory:

Hand Weapons
 a - a +0 war axe (weapon)
Armour
 b - a +0 scale mail (worn)
 c - a +0 buckler (worn)
Jewellery
 e - a ring of fire
 f - a ring of wizardry
 k - a ring of see invisible
Scrolls
 g - a scroll of vulnerability {unknown}
 i - a scroll of amnesia {unknown}
 j - a scroll of identify {unknown}


   Skills:
 + Level 3.7 Fighting
 + Level 3.1 Axes
 + Level 4.3 Armour
 + Level 3.8 Shields


You had 3 spell levels left.
You didn't know any spells.
Your spell library was empty.

Dungeon Overview and Level Annotations

Branches:
Dungeon (2/15)

Altars:

Annotations:
D:2 Natasha


Innate Abilities, Weirdness & Mutations

You are immune to sickness and miasma.
Your stone body is resilient. (AC +3)
You are immune to poison.
You resist negative energy. (rN+)
You are resistant to electric shocks. (rElec)
You are resistant to unholy torment.
You are immune to petrification.


Message History

The shadow imp closely misses you.
You barely miss the shadow imp. You hit the crimson imp.
The shadow imp gestures at you. Pain shoots through your body!
The crimson imp hits you.
You slash the shadow imp!
The shadow imp is almost dead.
You hit the crimson imp. You hit Natasha. Natasha closely misses you.
The shadow imp gestures at you. Pain shoots through your body!
* * * LOW HITPOINT WARNING * * *
The crimson imp hits you but does no damage.
The shadow imp shouts, "Out, out, thou unctious spleeny harpy!"
Natasha claws you but does no damage.
The crimson imp blinks!
It was a potion of attraction.
You feel attractive to monsters. Natasha closely misses you.
The crimson imp is attracted toward you.
You feel very mighty all of a sudden. The shadow imp barely misses you.
The shadow imp hits you but does no damage.
You block Natasha's attack.
You barely miss Natasha.
Natasha is moderately wounded.
You slash the shadow imp! x2
You kill the shadow imp!
The shadow imp disappears in a puff of smoke!
You barely miss the crimson imp.
The crimson imp hits you but does no damage.
The shadow imp closely misses you.
Natasha stares at you and mumbles some strange words.
You feel yourself slow down.
The crimson imp blinks!
The crimson imp is attracted toward you.
You barely miss Natasha.
Natasha is moderately wounded.
You closely miss the shadow imp. The shadow imp hits you.
* * * LOW HITPOINT WARNING * * *
You block Natasha's attack. The shadow imp gestures at you.
Pain shoots through your body!
You die...

...###........###................
...# ##.#...#.# ##...............
...# #....##.## ##..............
...# #..#.##..####..#######..)..
...# #....###.......## #.....
..## #.#..###........## ###.....
.## #.#..##..........###.......
## ###.#..##.......§..#...###.##
#...#......5@.5...§..#####.##
#......##..h.......##........
###<....###..........##........
###.....#.####........###........
#...####....##........# #........
#.....##...>#..........##########
#####.......#..........#
####....#........$.#
#....#..........#


You could see Natasha, a crimson imp (summoned) and a shadow imp (summoned).

Vanquished Creatures
  Natasha (twice) (D:2)
  An adder (D:2)
  A dart slug (D:2)
  5 endoplasms
  5 giant cockroaches
  3 goblins (D:2)
  3 hobgoblins (D:1)
  6 jackals
  3 quokkas
  5 ball pythons
  4 bats
  2 frilled lizards (D:1)
  6 kobolds
46 creatures vanquished.

Notes
Turn   | Place    | Note
-------+----------+-------------------------------------------
     0 | D:1      | bande the Gargoyle Fighter began the quest for the Orb.
     0 | D:1      | Reached XP level 1. HP: 14/14 MP: 1/1
   408 | D:1      | Reached XP level 2. HP: 14/19 MP: 2/2
   620 | D:1      | Found a faded altar of an unknown god.
  1035 | D:1      | Reached XP level 3. HP: 14/23 MP: 3/3
  1503 | D:2      | Reached skill level 4 in Armour
  1727 | D:2      | Noticed Natasha
  1737 | D:2      | Killed Natasha
  1738 | D:2      | Reached XP level 4. HP: 17/29 MP: 4/4
  2099 | D:2      | Noticed Natasha
  2126 | D:2      | Killed Natasha
  2208 | D:2      | Noticed Natasha
  2219 | D:2      | Killed from afar by a shadow imp

Illustrated notes

Levels and vault maps discovered:
D:1:      lightli_arrival_flooded_house, layout_basic,
          ebering_ecumenical_altar_sacrificial, amcnicky_mini_corridor_feature,
          st_stairs_4, grunt_decor_arrowhead
D:2:      layout_rooms, grunt_ministairs_10, amcnicky_mini_pool_small,
          uniq_natasha

Skill      XL: |  1  2  3  4 |
---------------+-------------+-----
Axes           | 2 3 |  3.1
Armour         | 4 |  4.3
Fighting       | |  3.7
Shields        | |  3.8

Action                   |  1- 3 |  4- 6 || total
-------------------------+-------+-------++-------
Melee: War axe           |   118 |    32 ||   150
  Use: Potion            |       |     2 ||     2
Armor: Scale mail        |    65 |    24 ||    89
Dodge: Dodged            |    67 |    17 ||    84
Block: Buckler           |    28 |    14 ||    42

Table legend: (Time is in decaauts)
 A = Elapsed time spent in this place.
 B = Non-inter-level travel time spent in this place.
 C = Inter-level travel time spent in this place.
 D = Time resting spent in this place.
 E = Time spent auto-exploring this place.
 F = Levels seen in this place.
 G = Mean time per level.
                   A        B        C        D        E       F      G
               +--------+--------+--------+--------+--------+-----+--------+
         Total |   2298 |   2298 |      0 |    527 |   1395 |   2 | 1149.0 |
       Dungeon |   2298 |   2298 |      0 |    527 |   1395 |   2 | 1149.0 |
               +--------+--------+--------+--------+--------+-----+--------+

Top non-repeatable levels by time:
     D:1: 1392 daAuts
     D:2: 905 daAuts
